 Dungeon Crawl Stone Soup version 0.21-a0-496-g696f58f (webtiles) character file.

78 BigFatTexta the Shield-Bearer (level 4, 0/35 HPs)
             Began as a Human Fighter on Nov 23, 2017.
             Was an Initiate of Fedhas.
             Slain by a leopard gecko (3 damage)
             ... on level 3 of the Dungeon.
             The game lasted 00:25:01 (2706 turns).

BigFatTexta the Shield-Bearer (Human Fighter)       Turns: 2706, Time: 00:25:02

Health: 0/35       AC:  4    Str: 17    XL:     4   Next: 61%
Magic:  4/4        EV:  8    Int:  8    God:    Fedhas [......]
Gold:   129        SH:  8    Dex: 13    Spells: 3/3 levels left

rFire    . . .     SeeInvis .   a - +0 long sword
rCold    . . .     Gourm    .   c - +0 shield
rNeg     . . .     Faith    .   u - +1 leather armour {MR+}
rPois    .         Spirit   .   (no helmet)
rElec    .         Reflect  .   (no cloak)
rCorr    .         Harm     .   (no gloves)
MR       +....                  (no boots)
Stlth    +.........             (no amulet)
HPRegen  0.11/turn              (no ring)
MPRegen  0.09/turn              (no ring)

@: flying, heavily drained
A: no striking features
a: Fungal Bloom, Renounce Religion


You were on level 3 of the Dungeon.
You worshipped Fedhas.
Fedhas was noncommittal.
You were not hungry.

You visited 1 branch of the dungeon, and saw 3 of its levels.

You collected 129 gold pieces.

Inventory:

Hand Weapons
 a - a +0 long sword (weapon)
 f - a +0 club
 m - a +0 hand axe
 o - a +0 club
 p - a +0 hunting sling
 z - a +0 dagger
Missiles
 n - 36 sling bullets
 q - 29 stones (quivered)
 C - 26 arrows
Armour
 b - a +0 scale mail
 c - a +0 shield (worn)
 r - a +0 ring mail
 u - a +1 leather armour of magic resistance (worn)
 w - a +0 hat
 E - a +0 leather armour
Jewellery
 g - an uncursed amulet of harm
 i - an uncursed amulet of faith {unknown}
 s - a cursed -3 ring of protection {unknown}
 x - an uncursed ring of stealth {unknown}
Scrolls
 e - a scroll of amnesia {unknown}
 h - a scroll of identify {unknown}
 j - a scroll of blinking {unknown}
 t - a scroll of enchant weapon {unknown}
 v - 2 scrolls of noise {unknown}
 y - a scroll of enchant armour {unknown}
Potions
 d - a potion of might
 l - 3 potions of flight
 D - a potion of curing {unknown}
Books
 B - a book of Spatial Translocations

   Spells                             Type                      Level
   a - Blink                          Translocation                2
   b - Shroud of Golubria             Charms/Translocation         2
   c - Lesser Beckoning               Translocation                3
   d - Gell's Gravitas                Translocation                3
   e - Teleport Other                 Translocation                3
   f - Passage of Golubria            Translocation                4
Comestibles
 A - 3 royal jellies
 F - 2 bread rations
 G - 6 fruits


   Skills:
 + Level 3.4(2.1) Fighting
 + Level 3.1(1.9) Long Blades
 + Level 0.2(0.0) Axes
 + Level 3.3(2.1) Armour
 + Level 0.5(0.0) Dodging
 + Level 3.4(2.2) Shields


You had 3 spell levels left.
You didn't know any spells.

Dungeon Overview and Level Annotations

Branches:
Dungeon (3/15)

Altars:
Ashenzari
Cheibriados
Fedhas
Gozag
Sif Muna
Trog
The Shining One

Portals:
Sewer: D:3


Message History

The leopard gecko bites you but does no damage.
The leopard gecko closely misses you. The leopard gecko closely misses you.
Things that are here:
a leopard gecko corpse x2
A kobold comes into view. It is wielding a dagger.
The kobold shouts!
You block the leopard gecko's attack.
You barely miss the leopard gecko. You block the leopard gecko's attack.
You barely miss the leopard gecko. The leopard gecko barely misses you.
You block the leopard gecko's attack.
You closely miss the leopard gecko. The leopard gecko bites you.
* * * LOW HITPOINT WARNING * * *
You block the leopard gecko's attack.
Fedhas appreciates ongoing decay. x2
You hit the leopard gecko.
The leopard gecko is almost dead.
The leopard gecko bites you.
You die...
Fedhas appreciates your contribution to the ecosystem.

............######.
####.####.### .
#.####.# .#
#......####### .#
#####......... #
##.####### #.# #
###.########.###.#
#.†.....Kl@......#
#.####.########..#
#...# #.# #≈≈≈# #K#
#≈≈≈# #.# #≈≈≈# #.#
#≈≈≈# #.# #≈∩≈# #.#
#≈≈≈#


You could see a leopard gecko and a kobold.

Vanquished Creatures
  A hound (D:2)
  2 adders
  A dart slug (D:1)
  4 leopard geckos (D:3)
  3 bats
  2 giant cockroaches
  3 hobgoblins
  A ball python (D:2)
  2 frilled lizards
  4 goblins
  2 kobolds (D:3)
  3 rats
28 creatures vanquished.

Notes
Turn   | Place    | Note
-------+----------+-------------------------------------------
     0 | D:1      | BigFatTexta the Human Fighter began the quest for the Orb.
     0 | D:1      | Reached XP level 1. HP: 18/18 MP: 1/1
   657 | D:2      | Reached XP level 2. HP: 15/24 MP: 2/2
   673 | D:2      | Reached XP level 3. HP: 6/29 MP: 3/3
   970 | D:2      | Found a bloodstained altar of Trog.
   976 | D:2      | Found a blossoming altar of Fedhas.
   982 | D:2      | Became a worshipper of Fedhas Madash
   992 | D:2      | Found a deep blue altar of Sif Muna.
   992 | D:2      | Found a snail-covered altar of Cheibriados.
   993 | D:2      | Found a glowing golden altar of the Shining One.
   999 | D:2      | Found an opulent altar of Gozag.
  1009 | D:2      | Found a shattered altar of Ashenzari.
  1501 | D:1      | Reached XP level 4. HP: 23/35 MP: 4/4
  2671 | D:3      | Found a glowing drain.
  2706 | D:3      | Slain by a leopard gecko

Vault maps used:
D:1:      evilmike_arrival_plus, kennysheep_decorative_pillar
D:2:      minitemple, st_stairs_14
D:3:      portal_sewer_entry_f, lemuel_angel_altar

Skill      XL: |  1  2  3  4 |
---------------+-------------+-----
Long Blades    | 3 |  3.1
Fighting       | |  3.4
Axes           | |  0.2
Armour         | |  3.3
Dodging        | |  0.5
Shields        | |  3.4

Action                   |  1- 3 |  4- 6 || total
-------------------------+-------+-------++-------
Melee: Long sword        |    28 |    59 ||    87
       Hand axe          |    40 |    16 ||    56
  Use: Potion            |       |     2 ||     2
  Eat: Bread ration      |       |     2 ||     2
Armor: Scale mail        |    38 |       ||    38
       Leather armour    |    10 |    42 ||    52
Dodge: Dodged            |    24 |    46 ||    70
Block: Shield            |    36 |    62 ||    98
       Rpst.: Long sword |     7 |     8 ||    15

Table legend:
 A = Spawn XP
 B = Non-spawn XP
 C = Spawn XP percentage of total XP
 D = Spawn monster count
 E = Non-spawn monster count
 F = Spawn count percentage of total count
 G = Total turns spent on level
                    A         B        C        D         E        F      G
               +---------+---------+-------+---------+---------+-------+---------
         Total |       0 |     112 |   0.0 |       0 |      28 |   0.0 |  2706
               +---------+---------+-------+---------+---------+-------+---------
           D:1 |       0 |      17 |   0.0 |       0 |      10 |   0.0 |  1104
           D:2 |       0 |      61 |   0.0 |       0 |       7 |   0.0 |  1297
           D:3 |       0 |      34 |   0.0 |       0 |      11 |   0.0 |   305
               +---------+---------+-------+---------+---------+-------+---------
